Map: 2000 Atmospheres LE

Players

Scarlett

  • Race: Zerg Zerg

Astrea - Winner!

  • Race: Protoss Protoss

Event: DreamHack SC2 Masters 2021 Winter

VOD

Have the link to the VOD?

Description

Time

  • Played on: Oct. 16, 2021, 4:33 p.m.
  • Length: 27:39

All games in this series

Show
View Real Time Build Order
Export as new Build Order

Scarlett Zerg 

Build Orders: Hatch First, Lurkers, Roach Hydra 

Get SALT Encoding   

  12  0:02  Drone  
  13  0:12  Overlord  
  13  0:17  Drone  
  14  0:30  Drone x2  
  16  0:48  Hatchery  
  15  0:50  Drone  
  15  0:54  Drone  
  17  0:58  Drone  
  18  1:08  Extractor  
  17  1:12  Spawning Pool  
  17  1:16  Drone  
  17  1:20  Drone  
  18  1:28  Drone  
  19  1:38  Drone  
  20  1:49  Drone  
  21  1:59  Queen x2  
  21  2:00  Zergling x2, Overlord  
  26  2:10  Drone, Metabolic Boost  
  26  2:12  Drone  
  28  2:21  Drone  
  28  2:22  Drone  
  30  2:34  Hatchery  
  29  2:38  Queen  
  29  2:44  Drone x2  
  33  2:46  Overlord  
  33  2:52  Zergling x2  
  33  2:53  Zergling x2  
  33  2:54  Zergling x2  
  36  3:04  Queen, Overlord  
  38  3:08  Drone x2  
  38  3:10  Drone  
  41  3:22  Drone x3  
  41  3:25  Queen  
  46  3:27  Drone  
  46  3:29  Overlord  
  47  3:38  Drone x2  
  47  3:39  Drone x2  
  51  3:44  Overlord  
  51  3:46  Drone x4  
  55  3:53  Queen  
  55  3:54  Drone  
  55  3:55  Drone  
  59  4:04  Drone x3  
  61  4:10  Drone x2  
  61  4:15  Drone x3  
  66  4:18  Zergling x2  
  66  4:19  Zergling x6  
  66  4:23  Overlord  
  66  4:24  Extractor x2  
  69  4:25  Roach Warren  
  69  4:30  Zergling x4  
  69  4:45  Zergling x4  
  67  4:49  Drone x8  
  75  4:55  Drone, Lair  
  75  4:56  Drone  
  75  4:57  Extractor  
  75  4:58  Extractor  
  74  5:01  Drone, Evolution Chamber  
  74  5:02  Drone x3  
  74  5:03  Extractor  
  76  5:09  Drone x5  
  81  5:14  Hatchery  
  81  5:16  Drone  
  81  5:18  Drone, Overlord  
  82  5:26  Overlord  
  82  5:28  Zerg Missile Weapons Level 1  
  82  5:32  Overlord  
  81  5:37  Drone x4  
  81  5:38  Drone  
  81  5:39  Drone x2  
  88  5:48  Overlord x2  
  88  5:51  Drone x2, Glial Reconstitution  
  88  5:54  Roach x3  
  88  5:55  Infestation Pit  
  95  5:57  Roach  
  95  5:58  Overseer, Roach x3  
  104  6:04  Drone x2  
  104  6:05  Overlord x2  
  105  6:12  Overseer  
  105  6:16  Drone x6  
  113  6:28  Hydralisk Den  
  116  6:37  Drone  
  116  6:38  Drone x9  
  116  6:39  Spore Crawler x2  
  118  6:44  Drone x2  
  118  6:45  Spore Crawler x2  
  114  6:47  Extractor  
  114  6:49  Queen  
  114  6:50  Queen x2  
  114  6:54  Drone x6  
  119  6:59  Hive  
  118  7:01  Muscular Augments  
  118  7:03  Hydralisk x3  
  124  7:09  Spore Crawler  
  124  7:11  Hydralisk x2, Spore Crawler  
  126  7:22  Overlord x2  
  123  7:24  Overlord x4  
  123  7:25  Spore Crawler  
  118  7:39  Overlord x3  
  118  7:40  Zerg Missile Weapons Level 2  
  118  7:41  Hydralisk x5  
  127  7:46  Hydralisk x2  
  122  7:54  Hydralisk x5  
  122  7:57  Extractor  
  120  8:02  Roach x3  
  120  8:05  Roach x2  
  129  8:12  Grooved Spines  
  129  8:16  Drone x2  
  129  8:17  Drone x7  
  133  8:22  Overlord x2  
  133  8:26  Viper  
  135  8:30  Viper x2  
  135  8:32  Lurker Den  
  135  8:33  Drone  
  135  8:34  Drone x3  
  141  8:35  Overlord x3  
  141  8:46  Viper  
  138  8:51  Drone x3  
  138  8:52  Drone x2  
  143  8:59  Drone  
  144  9:04  Drone x5  
  146  9:11  Drone x3  
  146  9:12  Hydralisk x5  
  158  9:22  Extractor  
  157  9:32  Hydralisk x5  
  157  9:37  Overlord x5  
  167  9:39  Hatchery  
  166  9:47  Seismic Spines  
  166  9:48  Overseer  
  166  9:49  Overseer x2  
  166  9:53  Spore Crawler  
  166  9:55  Overlord x5  
  166  9:57  Spore Crawler  
  158  10:09  Hydralisk x6, Zerg Missile Weapons Level 3  
  158  10:11  Zergling x8  
  174  10:26  Roach x10  
  181  10:44  Adaptive Talons  
  181  10:46  Hydralisk x10  
  180  10:55  Hydralisk x4  
  142  11:05  Viper  
  142  11:07  Drone  
  142  11:09  Drone  
  147  11:12  Hydralisk x3  
  153  11:23  Hydralisk x5  
  153  11:25  Drone x8  
  167  11:27  Extractor  
  167  11:29  Extractor  
  159  11:42  Drone x4  
  159  11:43  Drone x2  
  159  11:44  Hydralisk  
  167  11:49  Lurker  
  167  11:50  Lurker x3  
  167  11:52  Drone x8  
  167  11:53  Spine Crawler  
  178  11:54  Spore Crawler  
  178  12:01  Lurker x3  
  178  12:05  Zergling x22  
  191  12:10  Lurker x2  
  188  12:31  Hydralisk x3, Lurker x4  
  188  12:33  Hydralisk  
  188  12:36  Drone x3  
  200  12:48  Overseer  
  200  12:49  Pneumatized Carapace, Overseer x3  
  189  13:06  Viper x3  
  190  13:18  Hydralisk  
  190  13:19  Hydralisk x7  
  185  13:27  Hydralisk x4  
  191  13:39  Hydralisk  
  191  13:40  Hydralisk x4  
  199  13:52  Overseer  
  173  13:56  Hydralisk x11  
  161  14:15  Overlord  
  161  14:16  Hydralisk x9  
  171  14:25  Zerg Ground Armor Level 1, Hatchery  
  171  14:26  Extractor x2  
  171  14:27  Lurker x2  
  171  14:28  Zergling x10  
  171  14:40  Hydralisk x8  
  185  14:48  Hydralisk  
  185  14:49  Zergling x2  
  186  14:53  Lurker x2  
  186  14:54  Lurker  
  186  14:58  Extractor  
  188  15:02  Hydralisk x2  
  188  15:03  Hydralisk x3  
  198  15:13  Hydralisk x4  
  198  15:24  Hydralisk x6  
  190  15:48  Hydralisk x13  
  182  15:59  Hydralisk x6  
  184  16:05  Overseer  
  184  16:10  Hydralisk  
  184  16:11  Hydralisk x3  
  174  16:18  Hydralisk x3  
  184  16:32  Zergling x20  
  192  16:40  Lurker  
  192  16:41  Lurker x5  
  192  16:44  Zerg Ground Armor Level 2  
  198  16:49  Overseer  
  198  16:59  Hatchery  
  198  17:01  Extractor  
  196  17:02  Lurker x4  
  188  17:25  Hydralisk x6  
  179  17:52  Hydralisk x10  
  179  17:53  Zergling x2  
  195  19:24  Zerg Ground Armor Level 3  
  180  20:06  Hydralisk x11  
  184  20:23  Hydralisk  
  184  20:24  Hydralisk x6  
  195  20:35  Lurker  
  195  20:36  Lurker  
  195  20:40  Overlord x2  
  195  20:45  Pathogen Glands, Overlord x2  
  195  20:46  Burrow  
  195  20:47  Spire  
  187  20:58  Hydralisk x8  
  187  20:59  Hydralisk x2  
  199  21:06  Extractor  
  199  21:07  Hatchery  
  187  21:22  Hydralisk x15  
  192  21:30  Hydralisk  
  192  21:35  Overseer  
  192  21:38  Hydralisk  
  192  21:39  Hydralisk x3  
  200  21:41  Overseer x4  
  200  21:42  Neural Parasite  
  197  22:00  Hatchery  
  156  22:24  Hydralisk x12  
  138  22:36  Hydralisk  
  138  22:37  Hydralisk x3  
  112  22:47  Hydralisk x4  
  120  22:57  Hydralisk x4  
  128  23:09  Hydralisk  
  128  23:10  Hydralisk x3  
  129  23:22  Hydralisk x2  
  129  23:23  Hydralisk x2, Hatchery  
  104  23:32  Hydralisk x4  
  46  23:50  Hydralisk  
  46  23:54  Hydralisk x2, Queen  
  46  23:55  Queen  
  51  23:57  Hydralisk x2  
  51  24:06  Hydralisk x3  
  53  24:12  Hydralisk x2  
  53  24:15  Hydralisk x3  
  57  24:25  Viper  
  57  24:26  Viper  
  60  24:44  Drone  
  59  24:50  Drone x3  
  62  24:57  Drone x2, Spawning Pool  
  60  25:07  Drone  
  61  25:21  Drone  
  58  25:22  Drone x3  
  61  25:40  Drone  
  63  25:42  Drone  
  63  25:43  Drone  
  63  25:47  Queen  
  63  25:49  Drone  
  67  25:52  Spore Crawler  
  67  25:53  Spore Crawler  
  67  25:54  Spore Crawler  
  67  25:55  Drone  
  67  25:56  Spore Crawler  
  64  25:59  Drone  
  65  26:22  Drone x4  
  68  26:32  Hatchery  
  63  26:40  Drone  
  63  26:43  Spawning Pool  
  62  27:08  Drone x3  
Show
View Real Time Build Order
Export as new Build Order

Astrea Protoss - Winner!

Build Orders: Nexus First, Phoenix Opening, Carriers, Mass Phoenix 

Get SALT Encoding   

  12  0:00  Probe  
  13  0:12  Probe  
  14  0:18  Pylon  
  14  0:24  Probe  
  15  0:36  Probe  
  16  0:48  Probe  
  17  0:57  Nexus  
  17  1:07  Gateway  
  17  1:11  Probe (Chrono Boost)  
  18  1:16  Assimilator  
  18  1:20  Probe (Chrono Boost)  
  18  1:24  Assimilator  
  19  1:25  Probe (Chrono Boost)  
  20  1:37  Probe  
  21  1:41  Gateway  
  21  1:49  Probe  
  21  1:54  Cybernetics Core  
  22  2:04  Probe (Chrono Boost), Pylon  
  23  2:09  Probe (Chrono Boost)  
  25  2:18  Probe (Chrono Boost)  
  25  2:19  Probe (Chrono Boost)  
  26  2:25  Probe  
  26  2:26  Probe  
  26  2:27  Adept x2 (Chrono Boost)  
  26  2:29  Warp Gate (Chrono Boost)  
  32  2:37  Probe  
  32  2:38  Probe  
  34  2:50  Probe x2, Sentry  
  38  2:52  Stalker  
  40  3:02  Probe x2, Pylon  
  42  3:14  Probe x2  
  42  3:18  Adept  
  46  3:22  Adept  
  46  3:26  Probe x2  
  50  3:27  Phoenix  
  50  3:33  Nexus  
  50  3:34  Pylon  
  50  3:38  Probe x2  
  52  3:48  Pylon  
  52  3:49  Assimilator  
  52  3:50  Probe  
  52  3:51  Probe  
  52  3:52  Assimilator  
  54  3:55  Stargate  
  54  4:02  Probe  
  55  4:03  Probe  
  55  4:06  Adept x2  
  60  4:14  Probe  
  60  4:15  Probe  
  62  4:21  Pylon  
  62  4:22  Stargate  
  62  4:26  Probe  
  62  4:27  Probe  
  64  4:38  Probe  
  64  4:39  Probe  
  64  4:44  Probe  
  65  4:45  Adept x2  
  65  4:47  Assimilator  
  65  4:48  Protoss Air Weapons Level 1, Phoenix (Chrono Boost)  
  65  4:50  Probe  
  65  4:51  Assimilator, Probe  
  65  4:57  Forge  
  65  4:59  Probe  
  64  5:03  Probe x2, Stargate  
  66  5:11  Phoenix (Chrono Boost), Probe (Chrono Boost)  
  66  5:12  Shield Battery  
  69  5:16  Adept x2  
  69  5:19  Probe (Chrono Boost)  
  75  5:21  Phoenix  
  75  5:23  Probe x2 (Chrono Boost)  
  79  5:30  Probe (Chrono Boost)  
  79  5:31  Probe x2 (Chrono Boost)  
  79  5:33  Phoenix (Chrono Boost)  
  82  5:40  Pylon  
  82  5:44  Probe x3  
  82  5:46  Phoenix (Chrono Boost)  
  82  5:47  Phoenix (Chrono Boost)  
  89  5:56  Phoenix (Chrono Boost), Probe x2  
  93  5:58  Probe, Pylon x2  
  94  6:04  Phoenix (Chrono Boost)  
  94  6:05  Phoenix (Chrono Boost)  
  98  6:16  Robotics Facility, Pylon  
  100  6:19  Phoenix (Chrono Boost)  
  100  6:20  Pylon  
  100  6:24  Phoenix (Chrono Boost)  
  102  6:26  Photon Cannon  
  102  6:29  Phoenix (Chrono Boost)  
  104  6:35  Pylon  
  104  6:37  Phoenix (Chrono Boost)  
  106  6:43  Phoenix (Chrono Boost)  
  110  6:54  Phoenix (Chrono Boost)  
  110  6:55  Nexus  
  110  6:59  Phoenix (Chrono Boost)  
  112  7:02  Phoenix (Chrono Boost)  
  112  7:06  Probe x3  
  117  7:10  Adept, Photon Cannon, Shield Battery  
  117  7:12  Phoenix, Pylon  
  117  7:15  Adept  
  123  7:18  Probe  
  124  7:23  Probe  
  124  7:26  Immortal (Chrono Boost)  
  124  7:28  Robotics Bay  
  129  7:31  Probe x2  
  129  7:33  Assimilator  
  129  7:34  Assimilator  
  129  7:36  Photon Cannon  
  131  7:41  Adept x2  
  131  7:43  Probe x3  
  136  7:55  Probe x2  
  136  7:56  Photon Cannon, Probe  
  139  7:58  Photon Cannon  
  139  8:01  Shield Battery  
  139  8:05  Robotics Facility  
  139  8:07  Probe x2  
  139  8:08  Probe x2  
  139  8:09  Pylon  
  143  8:17  Disruptor (Chrono Boost)  
  143  8:19  Probe  
  144  8:21  Probe  
  144  8:22  Probe  
  144  8:24  Robotics Facility  
  144  8:25  Photon Cannon  
  149  8:27  Photon Cannon  
  149  8:43  Photon Cannon  
  149  8:46  Disruptor (Chrono Boost), Shield Battery  
  149  8:47  Pylon  
  146  8:49  Gateway  
  146  8:52  Disruptor (Chrono Boost)  
  146  8:53  Gateway  
  146  8:54  Gateway  
  145  8:56  Adept x2, Gateway  
  145  8:58  Gateway  
  145  8:59  Gateway  
  145  9:00  Pylon  
  147  9:09  Shield Battery  
  147  9:14  Photon Cannon x2  
  147  9:16  Pylon  
  151  9:18  Disruptor (Chrono Boost), Protoss Ground Weapons Level 1 (Chrono Boost)  
  151  9:20  Photon Cannon, Disruptor (Chrono Boost)  
  151  9:22  Twilight Council  
  151  9:24  Gateway, Zealot  
  154  9:26  Zealot  
  154  9:28  Colossus (Chrono Boost)  
  161  9:32  Extended Thermal Lance  
  161  9:44  Photon Cannon  
  168  9:46  Observer (Chrono Boost)  
  168  9:47  Colossus (Chrono Boost)  
  168  10:04  Colossus x2 (Chrono Boost)  
  166  10:09  Blink (Chrono Boost)  
  178  10:15  Stalker x8  
  194  10:22  Templar Archives  
  173  10:40  Disruptor (Chrono Boost)  
  173  10:41  Adept x3, Psionic Storm  
  173  10:42  Adept x4  
  143  11:03  Colossus x2  
  137  11:09  Observer  
  150  11:15  High Templar x3  
  150  11:16  Zealot x6  
  150  11:18  Protoss Ground Weapons Level 2 (Chrono Boost)  
  168  11:26  Nexus  
  168  11:27  Pylon  
  168  11:30  Pylon  
  161  11:43  High Templar x2  
  161  11:44  Zealot x4  
  173  11:54  Zealot x3  
  173  12:00  Photon Cannon  
  179  12:01  Photon Cannon  
  179  12:04  Photon Cannon  
  179  12:05  Shield Battery  
  179  12:07  Shield Battery  
  179  12:08  Charge (Chrono Boost)  
  179  12:09  Stalker x4  
  185  12:18  Zealot x5  
  185  12:19  Immortal (Chrono Boost)  
  197  12:36  Fleet Beacon  
  197  12:41  Photon Cannon  
  197  12:43  Photon Cannon  
  198  12:45  Assimilator  
  198  12:46  Observer (Chrono Boost)  
  198  12:50  Assimilator  
  188  13:09  Zealot x3  
  188  13:10  Zealot x6  
  197  13:20  Disruptor  
  197  13:26  Observer  
  190  13:29  Carrier (Chrono Boost)  
  190  13:31  Observer, Carrier (Chrono Boost)  
  153  14:03  Carrier (Chrono Boost), Nexus  
  153  14:06  Zealot  
  153  14:07  Zealot x6  
  153  14:09  Probe x4  
  170  14:19  Protoss Air Weapons Level 2 (Chrono Boost)  
  170  14:21  Probe  
  168  14:25  Probe x2  
  168  14:30  Carrier x2 (Chrono Boost)  
  182  14:34  Zealot x3  
  171  14:47  Immortal  
  175  14:57  Protoss Ground Weapons Level 3 (Chrono Boost)  
  181  15:04  Assimilator  
  179  15:12  High Templar x2  
  179  15:13  High Templar x3  
  179  15:14  Zealot, Carrier (Chrono Boost), High Templar  
  181  15:19  Archon x2  
  181  15:20  Archon  
  181  15:23  Photon Cannon, Carrier x2 (Chrono Boost)  
  181  15:24  Shield Battery  
  181  15:27  Immortal  
  182  15:39  Observer  
  176  15:53  Nexus, Pylon  
  176  15:55  Zealot x3  
  170  16:03  Zealot x3  
  150  16:08  Zealot x3  
  154  16:19  Photon Cannon, Carrier  
  156  16:27  High Templar x4  
  156  16:28  Probe x3  
  167  16:34  Shield Battery  
  165  16:56  Assimilator  
  165  16:58  Pylon  
  165  16:59  Assimilator  
  165  17:08  High Templar x3  
  169  17:11  High Templar  
  169  17:12  Archon  
  169  17:14  High Templar x2  
  177  17:17  Protoss Air Weapons Level 3 (Chrono Boost)  
  167  17:26  Zealot  
  166  17:31  Archon  
  156  17:48  Zealot  
  154  17:55  Nexus, Pylon  
  154  18:08  Pylon  
  154  18:09  Pylon  
  154  18:10  Photon Cannon  
  154  18:11  Oracle (Chrono Boost), Shield Battery  
  154  18:18  Observer  
  157  18:23  Zealot x2  
  157  18:24  Zealot  
  163  18:27  Zealot x4  
  171  18:42  Carrier  
  177  18:51  Zealot  
  174  19:05  Zealot x5  
  178  19:21  Zealot, Nexus  
  176  19:39  Zealot  
  176  19:40  Zealot x3  
  184  19:55  Pylon  
  174  20:07  Observer  
  156  20:27  Carrier x3 (Chrono Boost)  
  173  20:42  High Templar x2  
  175  20:43  High Templar x5  
  175  20:47  Archon x2  
  187  20:50  Photon Cannon  
  187  20:51  Shield Battery  
  187  20:56  Assimilator  
  185  20:58  Assimilator  
  177  21:15  Zealot x7  
  169  21:42  Zealot x4  
  163  21:56  High Templar  
  163  21:57  Zealot x2  
  146  22:26  Zealot x5  
  130  22:41  Probe  
  130  22:43  Pylon  
  131  22:47  Oracle (Chrono Boost)  
  134  22:56  Zealot x4  
  100  24:58  High Templar x2  
  102  25:28  High Templar  
  95  26:37  Zealot  

Tags
 
Add a new tag
Caveats
  • Supply blocks, unpowered buildings, or Contaminate may cause inaccurate times.
  • Supply counts are checked every 10 seconds.